[Event "Monday Night Engine Tour 11 Rd Swiss 5m+1s Starts at 2200hrs ST"]
[Site "Infinity Chess"]
[Date "2018.4.16"]
[Round "5"]
[White "Deep_Impact"]
[Black "star99"]
[Result "1-0 "]
[ECO "A50"]
[WhiteElo "2507"]
[BlackElo "2501"]
[WhiteEngine "asmFishW_2018-04-07_bmi2"]
[BlackEngine "Cryptic Heroes 9.4B"]
[EventType "Swiss"]
[WhiteTeam ""]
[BlackTeam ""]
[PlyCount "199"]
[TimeControl "300+1"]

1. d4 Nf6 2. c4 c6 3. Nf3 d5 4. Nc3 e6 5. e3 Nbd7 6. Qc2 Bd6 7. b3 O-O 8. Be2 b6 
9. O-O Bb7 10. Bb2 Qe7 11. Rfe1 Rad8 12. cxd5 Nxd5 13. Ne4 Bb8 14. Rad1 h6 
15. Bc4 Nb4 16. Qb1 c5 17. a3 Nc6 18. Ng3 Na5 19. d5 Nxc4 20. bxc4 f5 21. e4 f4 
22. Ne2 e5 23. h3 g5 24. Qd3 Rf7 25. a4 Rg7 26. Nc3 Qf6 27. g4 h5 28. Kg2 Qg6 
29. Rh1 Nf6 30. Nh2 Bc8 31. f3 Rh7 32. Rdg1 Re8 33. a5 bxa5 34. Na4 Bd6 
35. Ba3 Rc7 36. Nc3 Ba6 37. Rb1 Rd7 38. Nf1 Rh7 39. Nd2 Bc8 40. Qe2 Rd8 
41. Rbg1 Rb7 42. Ra1 Rf7 43. Nb5 Bf8 44. Nc3 Bd6 45. Nb5 Bf8 46. Bb2 Re8 
47. Nc3 Bd6 48. Kg1 Rh7 49. Nd1 Ree7 50. Nf2 Rh6 51. Rxa5 Reh7 52. Ra1 Qg7 
53. Qd1 hxg4 54. fxg4 Qh8 55. Qf3 Rb7 56. Bc3 Rf7 57. Qg2 Rfh7 58. Nf3 Qg7 
59. Rh2 a6 60. Qf1 Nd7 61. Qb1 Qf6 62. Qb2 Rf7 63. Kh1 Qg6 64. Rg1 Rfh7 
65. h4 Nf6 66. Bxe5 Nxe4 67. h5 Bxe5 68. hxg6 Rxh2+ 69. Nxh2 Ng3+ 70. Kg2 Rxh2+ 
71. Kxh2 Bxb2 72. Rb1 Bd4 73. Rb8 Bxf2 74. Rxc8+ Kg7 75. d6 Bd4 76. Rc7+ Kxg6 
77. d7 Bf6 78. Rc6 Kf7 79. Rxf6+ Ke7 80. Rc6 Kxd7 81. Rxc5 Ne4 82. Re5 Nf6 
83. Rxg5 Ne4 84. Ra5 f3 85. Rxa6 Ke7 86. Ra5 f2 87. Kg2 Ke6 88. Rf5 Kd6 
89. Rxf2 Kc5 90. Rc2 Nd6 91. Kf1 Nf7 92. Rf2 Nd6 93. Rf4 Nxc4 94. Rxc4+ Kxc4 
95. Kf2 Kd5 96. Kg3 Ke5 97. Kh4 Kf6 98. Kh5 Kg7 99. Kg5 Kh7 100. Kf6 1-0

[Event "Monday Night Engine Tour 11 Rd Swiss 5m+1s Starts at 2200hrs ST"]
[Site "Infinity Chess"]
[Date "2018.4.16"]
[Round "5"]
[White "KRAKEN"]
[Black "Thor"]
[Result "1/2-1/2"]
[ECO "D31"]
[WhiteElo "2579"]
[BlackElo "2521"]
[WhiteEngine "Raubfisch X38b_CTG"]
[BlackEngine "asmFishW_2018-04-08_bmi2"]
[EventType "Swiss"]
[WhiteTeam ""]
[BlackTeam ""]
[PlyCount "165"]
[TimeControl "300+1"]

1. d4 d5 2. c4 e6 3. Nc3 c6 4. e3 Nf6 5. Nf3 Nbd7 6. Bd3 dxc4 7. Bxc4 b5 
8. Be2 Bb7 9. O-O a6 10. e4 c5 11. e5 Nd5 12. a4 b4 13. Nxd5 Bxd5 14. Be3 Be7 
15. Rc1 Qa5 16. Bc4 Bxc4 17. Rxc4 Nb6 18. Rc2 Nd5 19. dxc5 Nxe3 20. fxe3 Bxc5 
21. Qc1 Rc8 22. Nd4 Qb6 23. Rff2 Ke7 24. a5 Qa7 25. Kh1 Rc7 26. Qf1 Rf8 
27. Rcd2 Qb7 28. h3 f5 29. Qc4 Bxd4 30. Qxd4 Re8 31. Kh2 Kf7 32. e4 g6 
33. g4 Rc1 34. Qe3 Qc7 35. Rd6 Kg7 36. Qd2 Qc5 37. Kg2 Qc4 38. Rd4 Qc6 
39. Qxb4 fxg4 40. hxg4 Rc2 41. Rxc2 Qxc2+ 42. Rd2 Qc1 43. Rf2 Qg5 44. Qb7+ Kh8 
45. Qxa6 Qxg4+ 46. Kh2 Qxe4 47. Qe2 Qh4+ 48. Kg1 Rc8 49. Qf3 Rc1+ 50. Kg2 Qh1+ 
51. Kg3 Rg1+ 52. Rg2 Rxg2+ 53. Qxg2 Qe1+ 54. Qf2 Qxe5+ 55. Qf4 Qe1+ 56. Kg2 Qe2+ 
57. Qf2 Qg4+ 58. Kf1 Qd1+ 59. Kg2 Qd5+ 60. Qf3 Qg5+ 61. Kh2 Qd2+ 62. Kg1 Qc1+ 
63. Kf2 Qxb2+ 64. Kf1 Kg7 65. Qa8 e5 66. a6 Qb1+ 67. Kg2 Qc1 68. Qb7+ Kh6 
69. a7 Qd2+ 70. Kf1 Qd3+ 71. Ke1 Qc3+ 72. Kd1 Qd4+ 73. Kc1 Qc4+ 74. Kb1 Qd3+ 
75. Ka1 Qa3+ 76. Kb1 Qd3+ 77. Ka1 Qd4+ 78. Kb1 Qd1+ 79. Ka2 Qa4+ 80. Kb1 Qd1+ 
81. Ka2 Qc2+ 82. Ka1 Qd1+ 83. Ka2 1/2-1/2

[Event "Monday Night Engine Tour 11 Rd Swiss 5m+1s Starts at 2200hrs ST"]
[Site "Infinity Chess"]
[Date "2018.4.16"]
[Round "5"]
[White "Victorious"]
[Black "koalachess"]
[Result "1-0"]
[ECO "C14"]
[WhiteElo "2614"]
[BlackElo "2372"]
[WhiteEngine "asmFishW_9_popcnt"]
[BlackEngine "asmFishW_2018-02-02_popcnt_CTG"]
[EventType "Swiss"]
[WhiteTeam ""]
[BlackTeam ""]
[PlyCount "159"]
[TimeControl "300+1"]

1. e4 e6 2. d4 d5 3. Nc3 Nf6 4. Bg5 Be7 5. e5 Nfd7 6. Bxe7 Qxe7 7. f4 a6 
8. Nf3 c5 9. dxc5 Nxc5 10. a3 O-O 11. Qd4 Nc6 12. Qe3 Rd8 13. Ne2 Bd7 
14. Ned4 Nxd4 15. Nxd4 b5 16. Be2 a5 17. O-O b4 18. Bf3 Na4 19. f5 Kh8 
20. f6 gxf6 21. exf6 Qc5 22. Bh5 e5 23. Nf5 Qxe3+ 24. Nxe3 Nxb2 25. axb4 d4 
26. Nf5 Bxf5 27. Rxf5 axb4 28. Rxa8 Rxa8 29. Bxf7 Nd1 30. Rg5 Nc3 31. Rxe5 Rf8 
32. Kf2 h6 33. Re7 Ne4+ 34. Rxe4 Rxf7 35. Rf4 Kg8 36. Ke2 Rc7 37. Kd2 Rc4 
38. Rh4 Kf8 39. Rxh6 Kf7 40. g3 Ke6 41. h4 d3 42. cxd3 Rg4 43. f7+ Kxf7 
44. Rb6 b3 45. h5 Rxg3 46. Rxb3 Rh3 47. Rb5 Rh1 48. Kc3 Ke7 49. Re5+ Kd6 
50. Ra5 Kd7 51. Kc4 Kc8 52. Ra8+ Kd7 53. Rh8 Rc1+ 54. Kd5 Ke7 55. h6 Kf6 
56. d4 Ra1 57. Kc6 Rc1+ 58. Kd6 Rb1 59. d5 Ra1 60. Kc7 Ra7+ 61. Kb6 Ra1 
62. Re8 Rb1+ 63. Kc6 Kg6 64. Re6+ Kg5 65. h7 Rb8 66. Re1 Rh8 67. Rh1 Rc8+ 
68. Kd7 Rh8 69. d6 Kf4 70. Kc7 Kg3 71. d7 Kg2 72. Rh6 Kf3 73. d8=Q Rxd8 
74. Kxd8 Ke4 75. h8=Q Kd3 76. Rh4 Ke3 77. Qe5+ Kd2 78. Qg3 Kc1 79. Rh2 Kb1 
80. Qg1# 1-0

[Event "Monday Night Engine Tour 11 Rd Swiss 5m+1s Starts at 2200hrs ST"]
[Site "Infinity Chess"]
[Date "2018.4.16"]
[Round "5"]
[White "Murx"]
[Black "Seliga"]
[Result "1/2-1/2"]
[ECO "C50"]
[WhiteElo "2554"]
[BlackElo "2539"]
[WhiteEngine "asmFishW_2018-04-07_popcnt"]
[BlackEngine "SF9 ''A5''_CTG"]
[EventType "Swiss"]
[WhiteTeam ""]
[BlackTeam ""]
[PlyCount "178"]
[TimeControl "300+1"]

1. e4 e5 2. Nf3 Nc6 3. Bc4 Bc5 4. O-O Nf6 5. d3 a5 6. c3 d6 7. Bg5 O-O 8. a4 h6 
9. Bh4 g5 10. Bg3 Kg7 11. Na3 Ne7 12. Re1 Ng6 13. d4 exd4 14. Nxd4 h5 15. f3 h4 
16. Bf2 Ne5 17. Bb3 Nh5 18. Nc4 Qf6 19. Ne3 Be6 20. Rf1 Kg8 21. h3 Rae8 
22. Kh1 c6 23. Bc2 Bd7 24. Rb1 Ng6 25. Ng4 Qg7 26. Qd2 Ngf4 27. Kh2 Ng3 
28. Rfe1 Bxg4 29. fxg4 Ne6 30. Rbd1 Nxd4 31. Bxd4 Re5 32. Bxc5 dxc5 33. Qd7 Qf6 
34. Qxb7 Qf2 35. Bd3 Rfe8 36. Qxc6 R8e6 37. Qc7 Qf4 38. Kg1 Kg7 39. Bc4 Rf6 
40. Bd3 c4 41. Bxc4 Nxe4 42. Qa7 Nf2 43. Rxe5 Qxe5 44. Qd4 Qg3 45. Qxf6+ Kxf6 
46. Rf1 Kg7 47. Rxf2 f6 48. Rf3 Qe1+ 49. Kh2 Qd2 50. b3 Qd6+ 51. Kg1 Qc5+ 
52. Kf1 Qe5 53. Rd3 Qf4+ 54. Ke1 Kh8 55. Bd5 Qc1+ 56. Ke2 Kg7 57. Kf3 Kh8 
58. c4 Qf1+ 59. Ke3 Qe1+ 60. Kd4 Qg1+ 61. Kc3 Kg7 62. Kc2 Qf2+ 63. Rd2 Qc5 
64. Bb7 f5 65. gxf5 Qxf5+ 66. Kb2 Kf6 67. Rd5 Qf2+ 68. Ka3 Qe3 69. Rb5 Qc3 
70. Ka2 g4 71. hxg4 Qc2+ 72. Ka1 Qc3+ 73. Kb1 Qd3+ 74. Ka1 Qd4+ 75. Kb1 Qd3+ 
76. Ka1 Qd2 77. Rf5+ Kg6 78. Rb5 Qd3 79. g5 h3 80. gxh3 Qd4+ 81. Kb1 Qd1+ 
82. Ka2 Qc2+ 83. Ka1 Qd1+ 84. Ka2 Qc2+ 85. Ka1 Qc3+ 86. Kb1 Qe1+ 87. Ka2 Qd2+ 
88. Ka1 Qc1+ 89. Ka2 Qc2+ 1/2-1/2

[Event "Monday Night Engine Tour 11 Rd Swiss 5m+1s Starts at 2200hrs ST"]
[Site "Infinity Chess"]
[Date "2018.4.16"]
[Round "4"]
[White "incredible"]
[Black "RonWeasley"]
[Result "1/2-1/2 "]
[ECO "E10"]
[WhiteElo "2472"]
[BlackElo "2490"]
[WhiteEngine "stockfish_18041408_x64_bmi2"]
[BlackEngine "BrainFish 090218_CTG"]
[EventType "Swiss"]
[WhiteTeam ""]
[BlackTeam ""]
[PlyCount "156"]
[TimeControl "300+1"]

1. d4 Nf6 2. c4 e6 3. Nf3 d5 4. Nc3 c6 5. Bg5 h6 6. Bxf6 Qxf6 7. e3 Nd7 
8. Bd3 dxc4 9. Bxc4 g6 10. O-O Bg7 11. e4 e5 12. d5 Nb6 13. Nd2 O-O 14. Bb3 Rd8 
15. Qe2 Bf8 16. Rad1 Kg7 17. h3 Bd6 18. Nf3 Qe7 19. Rd3 a5 20. a3 Nd7 
21. Rd2 Nf6 22. dxc6 bxc6 23. Na4 Rb8 24. Bc4 Bd7 25. Qe3 Bc7 26. Rc1 Be8 
27. Rxd8 Qxd8 28. Qe2 Nh7 29. Rc3 Qe7 30. Qc2 Ng5 31. Ne1 Bd6 32. h4 Nh7 
33. g3 Nf6 34. Bf1 Bc7 35. Nf3 Rd8 36. Rc5 Ng4 37. Be2 Nf6 38. Rc4 Bd6 
39. Nd2 c5 40. Rc3 Qa7 41. Nc4 Bb8 42. b3 Rd4 43. Re3 Bxa4 44. bxa4 Qd7 
45. Nxa5 Qxa4 46. Qxa4 Rxa4 47. Nc4 Ne8 48. Kf1 Bc7 49. Kg2 h5 50. Kf3 Nd6 
51. Nxd6 Bxd6 52. Bb5 Rd4 53. Rc3 Kf8 54. Rc2 Rd1 55. a4 Ra1 56. Ke2 Ra3 
57. Kd1 Ke7 58. Kd2 Bc7 59. Ke2 Bd6 60. f3 f5 61. exf5 gxf5 62. Rc4 Ra2+ 
63. Kd1 Ra3 64. Ke2 Kd8 65. g4 e4 66. gxh5 Rxf3 67. a5 Rb3 68. Ba4 Rh3 
69. a6 Kc7 70. a7 Kb7 71. Bd7 Kxa7 72. Bxf5 Rxh4 73. Ra4+ Kb6 74. Bg6 Rh2+ 
75. Ke3 Kc6 76. Kxe4 Rh4+ 77. Kf5 c4 78. Ke6 Kc5 1/2-1/2

[Event "Monday Night Engine Tour 11 Rd Swiss 5m+1s Starts at 2200hrs ST"]
[Site "Infinity Chess"]
[Date "2018.4.16"]
[Round "4"]
[White "OlivierEvan"]
[Black "ocirema"]
[Result "1/2-1/2"]
[ECO "C52"]
[WhiteElo "2398"]
[BlackElo "2495"]
[WhiteEngine "Houdini 6"]
[BlackEngine "asmFishW_2018-04-11_popcnt_CTG"]
[EventType "Swiss"]
[WhiteTeam ""]
[BlackTeam ""]
[PlyCount "166"]
[TimeControl "300+1"]

1. e4 e5 2. Nf3 Nc6 3. Bc4 Bc5 4. b4 Bxb4 5. c3 Ba5 6. d4 d6 7. Qb3 Qd7 
8. O-O Bb6 9. Nbd2 Na5 10. Qb1 f6 11. a4 Ne7 12. Ba2 Nec6 13. Re1 h5 14. d5 Ne7 
15. Nc4 O-O 16. Qc2 Qe8 17. Nxa5 Bxa5 18. Bb3 Ng6 19. Bd2 Bb6 20. a5 Bc5 
21. Qd1 Bd7 22. Be3 Bxe3 23. Rxe3 Nf4 24. Nh4 g6 25. c4 Rb8 26. g3 Nh3+ 
27. Kg2 Kg7 28. Bc2 Rf7 29. Rc3 c6 30. Qd2 g5 31. Nf3 c5 32. Ng1 Nxg1 
33. Kxg1 Qe7 34. Rb1 f5 35. exf5 Bxf5 36. Bxf5 Rxf5 37. Qe2 Kh6 38. Qe3 Rf7 
39. h4 Rc8 40. Rcb3 Rc7 41. Kg2 Qf6 42. Rh1 Kg6 43. hxg5 Qxg5 44. Qe4+ Qf5 
45. Qxf5+ Rxf5 46. Rf3 Rcf7 47. Rxf5 Rxf5 48. f3 Rf7 49. Kf2 Rc7 50. Ke3 Rg7 
51. Ke4 Rf7 52. Rb1 Rh7 53. Ke3 Kf6 54. Rh1 Kg7 55. Ke4 Kf6 56. Ke3 Kg6 
57. Rb1 Rf7 58. Rh1 Rf8 59. Rb1 Rf7 60. Rh1 Rd7 61. Ke4 Rh7 62. Ke3 Rc7 
63. Ke4 Rg7 64. Ke3 Rc7 65. Ke4 Re7 66. Ke3 Kg5 67. Rh2 b6 68. axb6 axb6 
69. Rb2 Rb7 70. Ke4 Kf6 71. Rb3 Rb8 72. Rb1 Ke7 73. Rh1 b5 74. cxb5 Rxb5 
75. Rxh5 c4 76. Rh7+ Kd8 77. f4 exf4 78. gxf4 c3 79. Rh8+ Ke7 80. Kd3 Rxd5+ 
81. Kxc3 Rc5+ 82. Kd4 Rf5 83. Ke4 Rc5 1/2-1/2

[Event "Monday Night Engine Tour 11 Rd Swiss 5m+1s Starts at 2200hrs ST"]
[Site "Infinity Chess"]
[Date "2018.4.16"]
[Round "4"]
[White "Dovahkiin"]
[Black "star99"]
[Result "1/2-1/2"]
[ECO "B53"]
[WhiteElo "2426"]
[BlackElo "2504"]
[WhiteEngine "Raubfisch ME262_GTZ16f_CTG"]
[BlackEngine "Cryptic Heroes 9.4B"]
[EventType "Swiss"]
[WhiteTeam ""]
[BlackTeam ""]
[PlyCount "94"]
[TimeControl "300+1"]

1. e4 c5 2. Nf3 d6 3. d4 Nf6 4. Nc3 cxd4 5. Nxd4 a6 6. f3 e5 7. Nb3 Be7 
8. Be3 Be6 9. Qd2 Nbd7 10. g4 O-O 11. O-O-O Qc7 12. Kb1 b5 13. g5 Nh5 
14. Nd5 Bxd5 15. exd5 Nb6 16. a3 Rac8 17. Na5 Nxd5 18. Qxd5 Qxa5 19. Bd3 Qc7 
20. Bf5 Rb8 21. Rhe1 g6 22. Be4 a5 23. h4 Rfd8 24. Qd3 Bf8 25. Bd5 Bg7 
26. Qd2 a4 27. Rg1 Qd7 28. Rg4 Bf8 29. Rb4 Ng7 30. Qf2 Re8 31. f4 Nf5 
32. h5 Rbc8 33. Bb6 Rb8 34. Be4 d5 35. Rxd5 Nd6 36. hxg6 hxg6 37. Bg2 e4 
38. Bc5 Qe6 39. Re5 Qg4 40. Bxd6 Qd1+ 41. Ka2 Qxd6 42. Rbxe4 Rxe5 43. fxe5 Qd5+ 
44. Ka1 Qd1+ 45. Ka2 Qd5+ 46. Ka1 Qd1+ 47. Ka2 Qd5+ 1/2-1/2

[Event "Monday Night Engine Tour 11 Rd Swiss 5m+1s Starts at 2200hrs ST"]
[Site "Infinity Chess"]
[Date "2018.4.16"]
[Round "4"]
[White "Thor"]
[Black "Deep_Impact"]
[Result "1/2-1/2"]
[ECO "C55"]
[WhiteElo "2522"]
[BlackElo "2506"]
[WhiteEngine "asmFishW_2018-04-08_bmi2"]
[BlackEngine "asmFishW_2018-04-07_bmi2"]
[EventType "Swiss"]
[WhiteTeam ""]
[BlackTeam ""]
[PlyCount "181"]
[TimeControl "300+1"]

1. e4 e5 2. Nf3 Nc6 3. Bc4 Nf6 4. d3 Bc5 5. c3 d6 6. O-O O-O 7. Nbd2 a6 
8. a4 Ne7 9. Re1 Ng6 10. h3 h6 11. Nf1 c6 12. Bb3 Bb6 13. Ng3 d5 14. d4 Nxe4 
15. Nxe4 dxe4 16. Nxe5 Nxe5 17. dxe5 Qxd1 18. Bxd1 Rd8 19. Bb3 Be6 20. Bxe6 fxe6 
21. Kf1 Bc7 22. Rxe4 Rd1+ 23. Re1 Rxe1+ 24. Kxe1 Bxe5 25. Be3 Rd8 26. Rd1 Rd5 
27. Ke2 Kf7 28. Ra1 Bf6 29. Ra3 Be7 30. Rb3 Rd7 31. c4 Bf6 32. g4 Kg6 
33. Bd2 Kf7 34. Bc1 Bd4 35. a5 e5 36. Be3 Ke6 37. Bxd4 exd4 38. Rf3 c5 
39. Rf8 Rf7 40. Rd8 Rd7 41. Rb8 Ke5 42. Rf8 Re7 43. Kd3 Kd6 44. h4 Re1 
45. Rg8 Re7 46. f4 Rf7 47. Ke4 Re7+ 48. Kd3 Rf7 49. Rd8+ Kc7 50. Rd5 Rxf4 
51. Rxc5+ Kb8 52. g5 Rxh4 53. gxh6 gxh6 54. Re5 Rh3+ 55. Kxd4 Rb3 56. Re7 Rxb2 
57. Rh7 Ra2 58. c5 h5 59. Rxh5 Kc7 60. Rh7+ Kc6 61. Rh6+ Kc7 62. Rh7+ Kd8 
63. Ke4 Rxa5 64. Rxb7 Rxc5 65. Ra7 Ra5 66. Kd4 Kc8 67. Kc4 Kb8 68. Rh7 Rg5 
69. Rh1 Ka7 70. Rh6 Rb5 71. Rh7+ Kb6 72. Rh6+ Ka5 73. Kc3 Rb1 74. Rh5+ Ka4 
75. Rd5 Rb3+ 76. Kc2 Rg3 77. Rd1 a5 78. Re1 Kb4 79. Rb1+ Kc4 80. Rh1 Kb4 
81. Rh4+ Ka3 82. Rh1 Rg4 83. Ra1+ Kb4 84. Rb1+ Ka4 85. Ra1+ Kb5 86. Rf1 Rg2+ 
87. Kb1 a4 88. Rh1 Rg3 89. Kc2 Rb3 90. Rb1 Rxb1 91. Kxb1 1/2-1/2

[Event "Monday Night Engine Tour 11 Rd Swiss 5m+1s Starts at 2200hrs ST"]
[Site "Infinity Chess"]
[Date "2018.4.16"]
[Round "4"]
[White "Seliga"]
[Black "Victorious"]
[Result "1/2-1/2"]
[ECO "A05"]
[WhiteElo "2536"]
[BlackElo "2617"]
[WhiteEngine "SF9 ''A5''_CTG"]
[BlackEngine "asmFishW_9_popcnt"]
[EventType "Swiss"]
[WhiteTeam ""]
[BlackTeam ""]
[PlyCount "123"]
[TimeControl "300+1"]

1. Nf3 Nf6 2. d4 d5 3. c4 c6 4. e3 e6 5. Nc3 Nbd7 6. Qc2 Bd6 7. b3 O-O 8. Be2 b6 
9. Bb2 Bb7 10. O-O Re8 11. Rac1 Rc8 12. Rfd1 a6 13. g3 dxc4 14. bxc4 c5 
15. d5 exd5 16. Nxd5 Nxd5 17. cxd5 c4 18. Qb1 b5 19. a4 Rb8 20. Nd4 Qb6 
21. Ba1 Ba8 22. Qf5 Ne5 23. Qh5 Bf8 24. Nf5 Qg6 25. Qh3 Bb7 26. e4 Rbd8 
27. Bc3 Qb6 28. Qh4 Bc8 29. axb5 Bxf5 30. Qf4 Bg4 31. Bxg4 Nd3 32. Rxd3 cxd3 
33. bxa6 Qxa6 34. Kg2 Qd6 35. Re1 Qxf4 36. gxf4 Rb8 37. Bd7 Red8 38. Bc6 Rb3 
39. Bd2 Rdb8 40. e5 Bb4 41. Rd1 Bxd2 42. Rxd2 Rc3 43. Kf3 g6 44. Ke3 Rbb3 
45. Bd7 Rc2 46. d6 Rbb2 47. Rxd3 Re2+ 48. Kd4 Rxf2 49. f5 gxf5 50. e6 fxe6 
51. Bxe6+ Kf8 52. Ke5 Rbe2+ 53. Kf6 Ke8 54. h4 Rg2 55. Bxf5 Rgf2 56. h5 Rb2 
57. Re3+ Kf8 58. d7 Rb8 59. Kg5 h6+ 60. Kg6 Rd2 61. Kxh6 Rd6+ 62. Kh7 1/2-1/2

[Event "Monday Night Engine Tour 11 Rd Swiss 5m+1s Starts at 2200hrs ST"]
[Site "Infinity Chess"]
[Date "2018.4.16"]
[Round "4"]
[White "Murx"]
[Black "KRAKEN"]
[Result "1/2-1/2"]
[ECO "C50"]
[WhiteElo "2553"]
[BlackElo "2580"]
[WhiteEngine "asmFishW_2018-04-07_popcnt"]
[BlackEngine "Raubfisch X38b_CTG"]
[EventType "Swiss"]
[WhiteTeam ""]
[BlackTeam ""]
[PlyCount "149"]
[TimeControl "300+1"]

1. e4 e5 2. Nf3 Nc6 3. Bc4 Bc5 4. a4 Nf6 5. d3 a5 6. c3 h6 7. O-O O-O 8. h3 d6 
9. Re1 Re8 10. Na3 Be6 11. Bb5 Bd7 12. Bd2 Ne7 13. Bxd7 Qxd7 14. b4 axb4 
15. cxb4 Ba7 16. Qb3 Ng6 17. Nb5 Bb6 18. Nc3 c6 19. a5 Bc7 20. Ne2 d5 
21. Ng3 Nf4 22. Qc2 Bd6 23. Rab1 Ng6 24. Nf5 Bc7 25. Rb2 Nh5 26. g3 Ne7 
27. N3h4 Ng6 28. Nf3 Ne7 29. N3h4 Ng6 30. Kg2 Nf6 31. Nf3 Ne7 32. Nxe7+ Rxe7 
33. Nh4 Re6 34. Nf5 Kh7 35. Qd1 c5 36. bxc5 Bxa5 37. g4 b6 38. Bxa5 bxa5 
39. Qf3 Rc8 40. Rc1 a4 41. Ne3 Rec6 42. Rbc2 dxe4 43. dxe4 Qa7 44. Qf5+ Kg8 
45. Qxe5 Re8 46. Qb2 Rxe4 47. Nf5 a3 48. Qb3 Re5 49. Ra2 Rcxc5 50. Rxa3 Qc7 
51. Rxc5 Rxc5 52. Qf3 Nd5 53. Ra4 Qc6 54. Qe4 Nf4+ 55. Kg3 Qxe4 56. Rxe4 Ne6 
57. f3 g6 58. Ne3 Kg7 59. h4 Ra5 60. Rb4 Rc5 61. Nc4 h5 62. gxh5 Rxh5 
63. Nd6 Rd5 64. Ne8+ Kf8 65. Nf6 Rd2 66. Ne4 Rd3 67. Kf2 Nd4 68. Rb8+ Kg7 
69. Ng5 f6 70. Rb7+ Kh8 71. Nf7+ Kg8 72. Nh6+ Kh8 73. Nf7+ Kg8 74. Nh6+ Kh8 
75. Nf7+ 1/2-1/2

[Event "Monday Night Engine Tour 11 Rd Swiss 5m+1s Starts at 2200hrs ST"]
[Site "Infinity Chess"]
[Date "2018.4.16"]
[Round "3"]
[White "Cepri"]
[Black "incredible"]
[Result "0-1"]
[ECO "C00"]
[WhiteElo "2486"]
[BlackElo "2455"]
[WhiteEngine "asmfishw_08A18b_CTG"]
[BlackEngine "stockfish_18041408_x64_bmi2"]
[EventType "Swiss"]
[WhiteTeam ""]
[BlackTeam ""]
[PlyCount "171"]
[TimeControl "300+1"]

1. e4 e6 2. d4 h6 3. Nf3 d5 4. e5 a6 5. Bd3 c5 6. c3 Ne7 7. O-O Nec6 8. a3 Nd7 
9. Be3 c4 10. Bc2 b5 11. Nbd2 Nb6 12. Ne1 a5 13. f4 g6 14. g3 b4 15. Qb1 b3 
16. Bd1 Ne7 17. Ng2 Nf5 18. Bf2 Be7 19. Nf3 Bd7 20. Be2 Ng7 21. Nfh4 Qc7 
22. g4 O-O-O 23. Bg3 Qc6 24. h3 h5 25. Nf3 Kb7 26. Kf2 Qc7 27. Qc1 Rdf8 
28. Qd2 Qd8 29. Rh1 Ne8 30. Ngh4 Na4 31. g5 Ng7 32. Rhf1 Nb6 33. Kg1 Qc7 
34. Ng2 Bd8 35. Nfh4 Nc8 36. Bf3 Bc6 37. Bf2 Ne7 38. Qc1 Bb5 39. Ne3 Kb8 
40. Re1 Qd7 41. Rb1 Kb7 42. Rd1 Bb6 43. Bg3 Bd8 44. Rd2 Re8 45. Qf1 Bc7 
46. Qe1 Reg8 47. Qd1 Rc8 48. Bf2 Rhe8 49. Qe1 Rh8 50. Kh2 Rhd8 51. Bg3 Bc6 
52. Qg1 Bb6 53. Qf2 Bb5 54. Rdd1 Re8 55. Qd2 Rg8 56. Re1 Kb8 57. Rg1 Ba4 
58. Rgf1 Bb5 59. Kh1 Kb7 60. Qg2 Rgf8 61. Rg1 Ka7 62. Rbf1 Bc7 63. Qd2 Bb6 
64. Qe1 Kb7 65. Bf2 Rcd8 66. Qa1 Qc7 67. Re1 Ra8 68. Qc1 Rfd8 69. Re2 Kc8 
70. Qd1 Qd7 71. Bg3 Qb7 72. a4 Bc6 73. Qa1 Qd7 74. Qa3 Kb7 75. Qd6 Nc8 
76. Qxd7+ Rxd7 77. Ra1 Bd8 78. Kh2 Nb6 79. Rg2 Rc7 80. Be1 Kb8 81. Rg1 Raa7 
82. Bf2 Ra6 83. Rgb1 Nxa4 84. Nhg2 Nb6 85. Nf1 a4 86. Nge3 0-1

[Event "Monday Night Engine Tour 11 Rd Swiss 5m+1s Starts at 2200hrs ST"]
[Site "Infinity Chess"]
[Date "2018.4.16"]
[Round "3"]
[White "OlivierEvan"]
[Black "RonWeasley"]
[Result "1/2-1/2"]
[ECO "C11"]
[WhiteElo "2394"]
[BlackElo "2494"]
[WhiteEngine "Houdini 6"]
[BlackEngine "BrainFish 090218_CTG"]
[EventType "Swiss"]
[WhiteTeam ""]
[BlackTeam ""]
[PlyCount "146"]
[TimeControl "300+1"]

1. e4 e6 2. d4 d5 3. Nc3 Nf6 4. e5 Nfd7 5. f4 c5 6. Nf3 Nc6 7. Be3 cxd4 
8. Nxd4 Qb6 9. Qd2 Qxb2 10. Rb1 Qa3 11. Bb5 Nxd4 12. Bxd4 a6 13. Bxd7+ Bxd7 
14. Rb3 Qe7 15. Rxb7 Qd8 16. O-O Rc8 17. Qf2 Rc4 18. Rfb1 Ba3 19. R1b3 Be7 
20. f5 exf5 21. Qg3 Bc8 22. Qxg7 Rf8 23. Qh6 Rg8 24. Qxh7 Rf8 25. Bb6 Bc5+ 
26. Bxc5 Rxc5 27. Rb8 Qg5 28. Qh3 Qc1+ 29. Kf2 Qd2+ 30. Ne2 Rxc2 31. Qe3 Qxe3+ 
32. Kxe3 Kd7 33. Nf4 Rh8 34. R8b6 Re8 35. Rd6+ Ke7 36. Rh6 Kd7 37. Kd3 Rxa2 
38. Nxd5 Rxe5 39. Nb6+ Kd8 40. Rh8+ Re8 41. Rxe8+ Kxe8 42. Nxc8 Rxg2 
43. Rb7 Rxh2 44. Nd6+ Kd8 45. Nxf5 a5 46. Ra7 a4 47. Rxa4 f6 48. Ra7 Rh5 
49. Ke4 Kc8 50. Ra1 Kb7 51. Rc1 Kb6 52. Nd4 Ka5 53. Kf3 Kb4 54. Ne2 f5 
55. Nf4 Rh4 56. Rc8 Kb5 57. Rb8+ Kc4 58. Ke3 Rg4 59. Rc8+ Kb5 60. Rc2 Rh4 
61. Kf3 Kb4 62. Rd2 Rh1 63. Rd7 Kc3 64. Kg3 Rg1+ 65. Kf2 Ra1 66. Ke2 Ra3 
67. Rd3+ Kb2 68. Rd8 Ra1 69. Kd2 Kb3 70. Ke3 Ra3 71. Kd3 Kb4+ 72. Kd4 Ra4 
73. Rb8+ Ka3+ 1/2-1/2

[Event "Monday Night Engine Tour 11 Rd Swiss 5m+1s Starts at 2200hrs ST"]
[Site "Infinity Chess"]
[Date "2018.4.16"]
[Round "3"]
[White "koalachess"]
[Black "Dovahkiin"]
[Result "1/2-1/2"]
[ECO "B22"]
[WhiteElo "2370"]
[BlackElo "2428"]
[WhiteEngine "asmFishW_2018-02-02_popcnt_CTG"]
[BlackEngine "Raubfisch ME262_GTZ16f_CTG"]
[EventType "Swiss"]
[WhiteTeam ""]
[BlackTeam ""]
[PlyCount "131"]
[TimeControl "300+1"]

1. e4 c5 2. c3 Nf6 3. e5 Nd5 4. d4 cxd4 5. Nf3 Nc6 6. Bc4 Nb6 7. Bb3 d6 
8. exd6 Qxd6 9. Nxd4 Nxd4 10. cxd4 Be6 11. Nc3 Bxb3 12. Qxb3 e6 13. Be3 Qb4 
14. Ke2 Bd6 15. Rhd1 O-O 16. h3 Rae8 17. Rac1 Qxb3 18. axb3 a6 19. d5 Nxd5 
20. Nxd5 exd5 21. Rxd5 Re6 22. g3 Rfe8 23. Kf3 b5 24. Rc3 g6 25. Rc2 h5 
26. Rcd2 Be5 27. b4 Bf6 28. Bc5 Kg7 29. h4 Re5 30. Rd7 a5 31. Kg2 axb4 
32. Bxb4 Re4 33. Bc5 Rc8 34. Be3 Re7 35. Rxe7 Bxe7 36. Rd5 b4 37. Kf3 Bf6 
38. Rb5 Bxb2 39. Rxb4 Bc3 40. Rb7 Rc4 41. Ke2 Rc8 42. Bg5 Bd4 43. Be3 Bxe3 
44. Kxe3 Rc2 45. f3 Rc3+ 46. Kf4 Rc4+ 47. Ke5 Rc5+ 48. Ke4 Rc4+ 49. Ke3 Ra4 
50. Rb3 Ra7 51. Rb4 Re7+ 52. Kd3 Ra7 53. Ke4 Ra6 54. Kd3 Ra3+ 55. Ke2 Ra5 
56. Ke3 Ra6 57. Kf2 Ra3 58. Ke2 Ra2+ 59. Kf1 Kh6 60. Ke1 Ra3 61. Ke2 Ra2+ 
62. Kf1 Kg7 63. Ke1 Kh6 64. Kf1 Ra1+ 65. Ke2 Ra2+ 66. Kf1 1/2-1/2

[Event "Monday Night Engine Tour 11 Rd Swiss 5m+1s Starts at 2200hrs ST"]
[Site "Infinity Chess"]
[Date "2018.4.16"]
[Round "3"]
[White "ocirema"]
[Black "Deep_Impact"]
[Result "1/2-1/2"]
[ECO "D02"]
[WhiteElo "2495"]
[BlackElo "2506"]
[WhiteEngine "asmFishW_2018-04-11_popcnt_CTG"]
[BlackEngine "asmFishW_2018-04-07_bmi2"]
[EventType "Swiss"]
[WhiteTeam ""]
[BlackTeam ""]
[PlyCount "226"]
[TimeControl "300+1"]

1. d4 d5 2. Nf3 Nf6 3. c4 e6 4. Nc3 c6 5. Bg5 dxc4 6. e4 b5 7. e5 h6 8. Bh4 g5 
9. Nxg5 hxg5 10. Bxg5 Nbd7 11. exf6 Bb7 12. h4 Nxf6 13. Qf3 Be7 14. Be2 Qxd4 
15. Nxb5 cxb5 16. Qxb7 Qd5 17. Bf3 Qxb7 18. Bxb7 Rb8 19. Bc6+ Kf8 20. Be3 a6 
21. Bf3 Rd8 22. h5 Nd5 23. Bd4 f6 24. O-O-O Kf7 25. Kb1 Nb4 26. h6 Nd3 
27. Be3 f5 28. g4 f4 29. Bb6 Rb8 30. Ba7 Rbg8 31. Rh5 Bf6 32. h7 Rg7 
33. Rdh1 Ne5 34. Be4 Rxg4 35. Bb7 a5 36. Bd4 Nd7 37. Ba7 Ne5 38. Kc2 Rg5 
39. Rxg5 Bxg5 40. Ba6 b4 41. Bd4 Bf6 42. Bxe5 b3+ 43. axb3 cxb3+ 44. Kxb3 Bxe5 
45. Ka2 f3 46. Re1 Bd4 47. Rd1 e5 48. Bc4+ Kg7 49. Bg8 Bc5 50. Re1 Kf6 
51. Kb3 Bd4 52. Rd1 Kf5 53. Rd2 Kf4 54. Kc2 a4 55. Kd1 Kg5 56. Rc2 Kg6 
57. Rc6+ Kf5 58. Rc8 Kg5 59. Rc2 Kf4 60. Rc4 Kf5 61. Ke1 Bxb2 62. Rxa4 Bc3+ 
63. Kf1 e4 64. Ra3 Bd4 65. Rb3 Kf4 66. Rb4 Ke5 67. Ra4 Bc3 68. Rc4 Bd4 
69. Rb4 Bc3 70. Rb8 Kf5 71. Rf8+ Kg4 72. Rc8 Be5 73. Rf8 Bd4 74. Ke1 Kg5 
75. Ra8 Kf4 76. Rf8+ Kg4 77. Kf1 Kg5 78. Re8 Kf5 79. Rf8+ Kg4 80. Rd8 Bc3 
81. Re8 Kf5 82. Ra8 Kg6 83. Re8 Kf5 84. Rc8 Bb2 85. Kg1 Kg5 86. Kf1 Kf4 
87. Re8 Be5 88. Kg1 Bd4 89. Re7 Be5 90. Kf1 Bc3 91. Rf7+ Kg4 92. Rc7 Be5 
93. Re7 Kf4 94. Kg1 Bf6 95. Re6 Bd4 96. Rc6 Bb2 97. Rc4 Be5 98. Rc1 Bd4 
99. Rc8 Kf5 100. Rd8 Bc3 101. Rd1 Kf4 102. Rd6 Be5 103. Rd7 Kf5 104. Re7 Kf4 
105. Kf1 Kf5 106. Rf7+ Kg5 107. Ra7 Kf5 108. Ra8 Bd4 109. Kg1 Bf6 110. Kf1 Bb2 
111. Ra5+ Be5 112. Ke1 Kf6 113. Kf1 Kf5 1/2-1/2